 Dungeon Crawl Stone Soup version 0.32-a0-136-gc02482bde3 (webtiles) character file.

Game seed: 1302548873647956169

151299 Asceticacid the Blocker (level 17, -1/138 HPs)
             Began as a Gnoll Fighter on Feb 9, 2024.
             Was a Believer of Ru.
             Succumbed to a nagaraja's poison arrow
             ... on level 1 of the Snake Pit on Feb 10, 2024.
             The game lasted 01:24:54 (36818 turns).

Asceticacid the Blocker (Gnoll Fighter)            Turns: 36818, Time: 01:24:55

Health: -1/138     AC: 35    Str: 17    XL:     17   Next: 55%
Magic:  11/33      EV: 16    Int:  7    God:    Ru [**....]
Gold:   2972       SH: 14    Dex: 21    Spells: 37/40 levels left

rFire   + + .        i - +4 trident (drain)
rCold   + + .        c - +0 kite shield {AC+3}
rNeg    . . .        Q - +2 plate armour {rF+}
rPois   +            E - +2 helmet {SInv}
rElec   +            o - +1 cloak of Gyeron {rPois rF+ rC+ Will+}
rCorr   +            y - +0 pair of gloves
SInv    +            D - +1 pair of boots {Fly}
Will    +++..        P - amulet "Tattues" {Spirit -Cast rElec rC+ rCorr} Stlth
                     s - +4 ring of protection
HPRegen 0.43/turn    t - +5 ring of evasion
MPRegen 0.23/turn

%: no spellcasting, guardian spirit
@: lethally poisoned (-1 -> -10), on berserk cooldown, flying, slowed, very slow
A: fangs 1, no stealth, hated by all, no air magic, no hexes magic, no summoning
magic, strong nose, distributed training, agile 1, strong-willed 1, wild magic 1
a: Renounce Religion, Sacrifice Forms, Sacrifice Health, Sacrifice Durability,
Reject Sacrifices


You were on level 1 of the Snake Pit.
You worshipped Ru.
Ru was pleased with you.
You visited 6 branches of the dungeon, and saw 26 of its levels.
You also visited: Bailey, Gauntlet and Ice Cave.

You collected 4192 gold pieces.
You spent 1220 gold pieces at shops.

Inventory:

Hand Weapons
 i - a +4 trident of draining (weapon)
 A - a +1 long sword of electrocution
 N - a +0 eveningstar of freezing
 U - a +6 great sword of protection
Armour
 c - a +0 kite shield of protection (worn)
 o - the +1 cloak of Gyeron (worn) {rPois rF+ rC+ Will+}
   (You bought it in a shop on level 2 of the Orcish Mines)

   rF+:       It protects you from fire.
   rC+:       It protects you from cold.
   rPois:     It protects you from poison Will+: It increases your willpower.
 w - a +2 cloak of preservation
 y - a +0 pair of gloves (worn)
 D - a +1 pair of boots of flying (worn)
 E - a +2 helmet of see invisible (worn)
 I - the +2 pair of boots "Popost" {Dex+2}
   (You found it on level 9 of the Dungeon)

   Dex+2:     It affects your dexterity (+2).
 Q - a +2 plate armour of fire resistance (worn)
Jewellery
 s - a +4 ring of protection (left hand)
 t - a +5 ring of evasion (right hand)
 v - a ring of positive energy
 P - the amulet "Tattues" (around neck) {Spirit -Cast rElec rC+ rCorr}
   (You found it in a Gauntlet)

   [amulet of guardian spirit]

   Spirit:    It causes incoming damage to be divided between your reserves of
   health and magic.
   rC+:       It protects you from cold.
   rElec:     It insulates you from electricity.
   -Cast:     It prevents spellcasting.
   rCorr:     It protects you from acid and corrosion.
 R - a +5 ring of evasion
 V - an amulet of regeneration
 Z - a +6 ring of dexterity
Wands
 r - a wand of digging (10)
 u - a wand of mindburst (34)
 C - a wand of iceblast (18)
 F - a wand of polymorph (16)
 J - a wand of quicksilver (3)
 K - a wand of flame (47)
Scrolls
 a - 2 scrolls of blinking
 f - 3 scrolls of revelation
 k - a scroll of vulnerability {unknown}
 l - 6 scrolls of teleportation
 p - a scroll of brand weapon
 q - 2 scrolls of fear
 B - 2 scrolls of silence
 H - 2 scrolls of poison
 O - 4 scrolls of fog
 T - a scroll of torment
 W - a scroll of enchant weapon
 X - 2 scrolls of identify
Potions
 b - 7 potions of enlightenment
 d - 3 potions of might
 e - 3 potions of lignification
 g - 2 potions of heal wounds
 h - 17 potions of curing
 j - 3 potions of invisibility
 m - 4 potions of resistance
 n - 2 potions of haste
 x - 2 potions of ambrosia
 z - 5 potions of attraction
 G - 6 potions of brilliance
 L - a potion of berserk rage
 M - 3 potions of mutation
 Y - a potion of cancellation
Miscellaneous
 S - a lightning rod (4/4)


   Skills:
 + Level 13.7 Fighting
 + Level 12.1 Short Blades
 + Level 12.1 Long Blades
 + Level 12.1 Axes
 + Level 12.9 Maces & Flails
 + Level 12.1 Polearms
 + Level 12.1 Staves
 + Level 12.1 Ranged Weapons
 + Level 12.1 Throwing
 + Level 13.7 Armour
 + Level 12.1 Dodging
   Level 0.0 Stealth
 + Level 13.7 Shields
 + Level 12.1 Unarmed Combat
 + Level 12.1 Spellcasting
 + Level 10.3 Conjurations
   Level 0.0 Hexes
   Level 0.0 Summonings
 + Level 10.3 Necromancy
 + Level 10.3 Translocations
 + Level 10.3 Fire Magic
 + Level 10.3 Ice Magic
   Level 0.0 Air Magic
 + Level 10.3 Earth Magic
 + Level 10.3 Alchemy
 + Level 13.2 Invocations
 + Level 12.1 Evocations
 + Level 11.2 Shapeshifting


You had 37 spell levels left.
You knew the following spells:

 Your Spells              Type           Power      Damage    Failure   Level
a - Hailstorm             Conj/Ice       24%        3d7       26%         3

Your spell library contained the following spells:

 Spells                   Type           Power      Damage    Failure   Level
 Vampiric Draining        Necr           24%        2d7       26%         3
 Bombard                  Conj/Erth      12%        9d3       100%        6
 Ozocubu's Refrigeration  Ice            12%        4d10      100%        7
 Borgnjor's Revivificati  Necr           12%        N/A       100%        8
 Lehudib's Crystal Spear  Conj/Erth      12%        10d4      100%        8
 Death's Door             Necr           12%        N/A       100%        9
 Polar Vortex             Ice            12%        12d1*     100%        9
 Shock                    Conj/Air       Unusable   1d6       N/A         1
 Ensorcelled Hibernation  Hex/Ice        Unusable   N/A       N/A         2
 Static Discharge         Conj/Air       Unusable   3-5/arc   N/A         2
 Slow                     Hex            Unusable   N/A       N/A         1
 Confusing Touch          Hex            Unusable   N/A       N/A         3
 Sigil of Binding         Hex            Unusable   N/A       N/A         3
 Swiftness                Air            Unusable   N/A       N/A         3
 Airstrike                Air            Unusable   2d(1-17)  N/A         4
 Haunt                    Necr/Summ      Unusable   N/A       N/A         7

Dungeon Overview and Level Annotations

Branches:
Dungeon (15/15)            Temple (1/1) D:6            Lair (5/5) D:9
 Shoals (0/4) Lair:3        Snake (2/4) Lair:2        Slime (0/5) Lair:4
    Orc (2/2) D:11            Elf (1/3) Orc:2        Vaults (0/5) D:14
 Depths (0/4) D:15         Bailey (visited)           IceCv (visited)
Gauntlet (visited)

Altars:
Ashenzari
Cheibriados
Dithmenos
Elyvilon
Gozag
Kikubaaqudgha
Makhleb
Nemelex Xobeh
Okawaru
Qazlal
Ru
Sif Muna
Trog
Uskayaw
Vehumet
Wu Jian
Xom
Zin
The Shining One

Shops:
D:5 ?   D:7 :[(   D:9 :   D:13 :   Orc:2 !([[[

Annotations:
D:5 3 runed translucent doors, jfitz's ghost, novice HOFi
D:10 3 runed translucent doors
D:11 2 transporters, greenreed's ghost, journeyman TrSh
D:15 1 exclusion
Elf:1 Nikola


Innate Abilities, Weirdness & Mutations

You have very sharp teeth.
You cannot be stealthy.
You are hated by all.
You cannot study or cast Air magic.
You cannot study or cast Hexes magic.
You cannot study or cast Summoning magic.
Your uncanny sense of smell can sniff out nearby items.
Your experience applies equally to all skills.
You are agile. (Dex +4, Str/Int -1)
You are strong-willed. (Will+)
Your spells are a little harder to cast, but a little more powerful.


Message History

You partially resist.
* * * LOW HITPOINT WARNING * * *
The nagaraja constricts you.
* * * LOW HITPOINT WARNING * * *
The guardian serpent misses you.
You redirect the nagaraja's attack!
The nagaraja spits poison at the guardian serpent.
The splash of poison hits the guardian serpent!
You block the guardian serpent's attack.
The guardian serpent coils itself and waves its upper body at you.
The bolt of poison misses you.
The bolt of poison hits the guardian serpent.
You escape the nagaraja's grasp.
You are no longer berserk.
You are exhausted.
You feel yourself slow down.
* * * LOW HITPOINT WARNING * * *
You feel very sick.
The guardian serpent looks more healthy.
The guardian serpent closely misses you.
You block the guardian serpent's attack.
The nagaraja gestures at you while chanting.
You block the poison arrow.
Things that are here:
the serpent talisman of Yesterday {Will- Dex+5}; the guardian serpent corpse of Aizul Blink to where?
Press: ? - help, Dir - move target
As you read the scroll of blinking, it crumbles to dust.
* * * LOW HITPOINT WARNING * * *
You feel extremely sick.
The nagaraja begins to cast a spell, but is stunned by your conviction!
* * * LOW HITPOINT WARNING * * *
You feel very sick.
The guardian serpent coils itself and waves its upper body at you.
The nagaraja blinks! x2; The guardian serpent blinks! x2
The guardian serpent coils itself and waves its upper body at you.
The guardian serpent blinks!
You fly upwards.
You die...
Ru respects your ultimate sacrifice.

#...# #....
#...#####....
#.#.........#
#......###### ####...#
# ######### ###
#....#######..
#########.............
#...)@................
###########.......#.†)
####....#... #.....###
#.....# ###...# #####


There were no monsters in sight!

Vanquished Creatures
  Kirke (D:15)
  Aizul (Snake:2)
  A frost giant (IceCv)
  An orc warlord (Orc:2)
  An ironbound thunderhulk (D:14)
  A deep elf death mage (Elf:1)
  A deep elf annihilator (Elf:1)
  A minotaur (Gauntlet)
  An ettin (D:11)
  2 fire dragons
  Josephine (D:11)
  A vault guard (D:14)
  A rakshasa (D:14)
  An ice dragon (D:15)
  Erolcha (D:10)
  4 hydras
  An ogre mage (D:13)
  A ghost crab (Gauntlet)
  A salamander tyrant (Snake:1)
  Erica (Lair:1)
  6 centaur warriors
  An anaconda (Snake:1)
  A boulder beetle (D:13)
  A catoblepas (D:13)
  A naga warrior (Snake:1)
  5 dancing weapons
  6 two-headed ogres
  2 hell hogs (Lair:5)
  An occultist (Gauntlet)
  6 death yaks (IceCv)
  3 orc high priests (Orc:2)
  Urug (Lair:3)
  6 naga sharpshooters
  4 shock serpents
  6 deep elf knights (Elf:1)
  3 skysharks
  4 skeletal warriors
  A fire crab (Lair:5)
  4 naga ritualists
  Lodul (D:14)
  8 mana vipers
  An arcanist (Gauntlet)
  5 deep elf archers (Elf:1)
  11 deep elf zephyrmancers (Elf:1)
  A lindwurm (Lair:5)
  12 ugly things
  21 deep elf pyromancers
  6 cyclopes
  6 orc sorcerers
  5 orc knights
  23 elephants
  7 salamanders
  7 kobold blastminers
  A merfolk siren (Lair:3)
  Maurice (D:12)
  4 manticores
  4 naga magi
  21 black mambas
  16 slime creatures
  A black mamba (shapeshifter) (D:15)
  A gargoyle (D:14)
  2 torpor snails
  2 molten gargoyles (Lair:5)
  9 cane toads
  Maggie (D:6)
  Jeremiah (D:6)
  17 komodo dragons
  7 rime drakes
  5 trolls
  3 polar bears (IceCv)
  A hornet (shapeshifter) (Elf:1)
  A hornet (D:8)
  A blink frog (shapeshifter) (D:15)
  4 blink frogs (Lair:4)
  A shadow (D:11)
  3 air elementals (Elf:1)
  54 yaks
  9 wyverns
  2 water elementals (Elf:1)
  6 wraiths
  6 hogs (D:15)
  3 humans
  3 fire elementals
  3 wargs
  Eustachio (D:4)
  2 steam dragons (Lair:5)
  7 vampire mosquitoes (D:12)
  10 basilisks
  14 nagas
  Edmund (D:5)
  2 acid dragons
  Duvessa (D:6)
  4 hell hounds (Lair:5)
  17 water moccasins
  An ice beast (D:5)
  5 black bears
  19 orc warriors
  4 sky beasts
  2 laughing skulls (D:15)
  22 wolves
  11 ogres
  15 centaurs
  A phantom (D:6)
  4 kobold brigands
  Blork the orc (D:5)
  12 bullfrogs
  A gnoll sergeant (D:7)
  Dowan (D:6)
  2 troll zombies (D:11)
  7 killer bees
  3 howler monkeys (D:7)
  An electric eel (Lair:3)
  5 lava snakes (Lair:5)
  2 bombardier beetles
  A gnoll bouda (D:7)
  2 hounds
  5 jellies
  10 orc priests
  2 iguanas (D:5)
  27 orc wizards
  Natasha (twice) (D:4)
  7 hell rats
  6 ogre zombies (D:11)
  8 gnolls
  2 adders
  9 river rats
  A shadow imp (Gauntlet)
  16 white imps
  6 ufetubi
  3 dart slugs
  2 ribbon worms
  73 orcs
  6 bats
  13 endoplasms
  2 giant cockroaches
  2 gnoll skeletons (D:11)
  4 gnoll zombies (D:11)
  11 goblins
  10 hobgoblins
  7 jackals
  31 kobolds
  9 ball pythons
  3 frilled lizards
  3 orc skeletons (D:11)
  16 orc zombies (D:11)
  5 rats
  A butterfly (Lair:2)
876 creatures vanquished.

Vanquished Creatures (others)
  An anaconda (Snake:1)
  A death yak (IceCv)
  A sun moth (shapeshifter) (Elf:1)
  A deep elf archer (Elf:1)
  2 deep elf pyromancers (Elf:1)
  A guardian serpent (Snake:2)
  A cane toad (Lair:1)
  2 rime drakes (IceCv)
  A polar bear (IceCv)
  A wyvern (Lair:5)
  A water elemental (Elf:1)
  An acid dragon (D:12)
  A wolf (IceCv)
  2 orc priests
  An orc wizard (D:10)
  A hell rat (Lair:5)
  A river rat (Lair:4)
  3 orcs
  A kobold (Bailey)
  A rat (Lair:4)
25 creatures vanquished.

Grand Total: 901 creatures vanquished

Notes
Turn   | Place    | Note
-------+----------+-------------------------------------------
     0 | D:1      | Asceticacid the Gnoll Fighter began the quest for the Orb.
     0 | D:1      | Reached XP level 1. HP: 23/23 MP: 1/1
   105 | D:1      | Reached XP level 2. HP: 29/29 MP: 2/2
   362 | D:1      | Reached XP level 3. HP: 35/35 MP: 3/3
   921 | D:2      | Found a white marble altar of Elyvilon.
   942 | D:2      | Reached skill level 1 in Invocations
  1107 | D:2      | Reached skill level 1 in Short Blades
  1107 | D:2      | Reached skill level 1 in Long Blades
  1107 | D:2      | Reached skill level 1 in Axes
  1107 | D:2      | Reached skill level 1 in Polearms
  1107 | D:2      | Reached skill level 1 in Staves
  1107 | D:2      | Reached skill level 1 in Ranged Weapons
  1107 | D:2      | Reached skill level 1 in Throwing
  1107 | D:2      | Reached skill level 1 in Dodging
  1107 | D:2      | Reached skill level 1 in Stealth
  1107 | D:2      | Reached skill level 1 in Unarmed Combat
  1107 | D:2      | Reached skill level 1 in Spellcasting
  1107 | D:2      | Reached skill level 1 in Evocations
  1306 | D:2      | Reached skill level 1 in Conjurations
  1306 | D:2      | Reached skill level 1 in Hexes
  1306 | D:2      | Reached skill level 1 in Summonings
  1306 | D:2      | Reached skill level 1 in Necromancy
  1306 | D:2      | Reached skill level 1 in Translocations
  1306 | D:2      | Reached skill level 1 in Fire Magic
  1306 | D:2      | Reached skill level 1 in Ice Magic
  1306 | D:2      | Reached skill level 1 in Air Magic
  1306 | D:2      | Reached skill level 1 in Earth Magic
  1306 | D:2      | Reached skill level 1 in Alchemy
  1306 | D:2      | Reached skill level 1 in Shapeshifting
  1306 | D:2      | Reached XP level 4. HP: 41/41 MP: 5/5
  1914 | D:3      | Found a faded altar of an unknown god.
  2504 | D:4      | Reached XP level 5. HP: 40/47 MP: 7/7
  2615 | D:4      | Noticed Eustachio
  2640 | D:4      | Killed Eustachio
  2641 | D:4      | Reached skill level 5 in Maces & Flails
  2641 | D:4      | Reached XP level 6. HP: 45/53 MP: 7/9
  2805 | D:4      | Noticed Natasha
  2816 | D:4      | Killed Natasha
  2822 | D:4      | Noticed Natasha
  2830 | D:4      | Killed Natasha
  2950 | D:4      | Noticed a black bear
  2962 | D:4      | Killed a black bear
  2963 | D:4      | Reached XP level 7. HP: 42/60 MP: 5/10
  3108 | D:5      | Entered Level 5 of the Dungeon
  3132 | D:5      | Noticed jfitz's ghost (novice HOFi)
  3182 | D:5      | Found a runed translucent gate.
  3182 | D:5      | Found a runed translucent gate.
  3183 | D:5      | Found a runed translucent gate.
  3199 | D:5      | Noticed Blork the orc
  3227 | D:5      | Killed Blork the orc
  3445 | D:5      | Noticed a +0 falchion
  3445 | D:5      | Noticed a +0 dagger
  3445 | D:5      | Noticed a +0 spear
  3446 | D:5      | Noticed a +0 spear
  3446 | D:5      | Noticed a +0 short sword
  3447 | D:5      | Noticed a +0 falchion
  3447 | D:5      | Noticed a +0 dagger
  3448 | D:5      | Noticed a +0 short sword
  3460 | D:5      | Found a hide-covered altar of Uskayaw.
  3594 | D:5      | Noticed Edmund
  3633 | D:5      | Killed Edmund
  3634 | D:5      | Reached XP level 8. HP: 30/67 MP: 7/12
  3909 | D:5      | Found The Oracle's Delphic Readings.
  4133 | D:5      | Found a glowing silver altar of Zin.
  4134 | D:5      | Noticed an angel
  4329 | D:6      | Noticed Maggie
  4514 | D:6      | Found a staircase to the Ecumenical Temple.
  4552 | Temple   | Entered the Ecumenical Temple
  4552 | Temple   | Noticed a balrug
  4552 | Temple   | Noticed an Ice Fiend
  4552 | Temple   | Noticed an Ice Fiend
  4552 | Temple   | Noticed an Executioner
  4552 | Temple   | Noticed a Hell Sentinel
  4553 | Temple   | Noticed Omeu the pandemonium lord
  4553 | Temple   | Noticed a cacodemon
  4553 | Temple   | Noticed Neatzoy the pandemonium lord
  4553 | Temple   | Noticed a sixfirhy
  4554 | Temple   | Noticed a red devil
  4554 | Temple   | Noticed a blizzard demon
  4572 | Temple   | Noticed Foumusau the pandemonium lord
  4582 | Temple   | Noticed Atwe the pandemonium lord
  4583 | Temple   | Noticed a sixfirhy
  4593 | Temple   | Noticed an Executioner
  4594 | Temple   | Noticed Ileerocu the pandemonium lord
  4642 | Temple   | Became a worshipper of Ru the Awakened
  4648 | Temple   | Noticed Qonoetzyo the pandemonium lord
  4649 | Temple   | Noticed a hellwing
  4897 | D:6      | Noticed Duvessa
  4898 | D:6      | Noticed Dowan
  4935 | D:6      | Killed Duvessa
  5022 | D:6      | Killed Dowan
  5088 | D:6      | Killed Maggie
  5089 | D:6      | Reached XP level 9. HP: 33/74 MP: 6/15
  5298 | D:6      | Noticed Jeremiah
  5466 | D:6      | Found an iron altar of Okawaru.
  5661 | D:6      | Found an opulent altar of Gozag.
  5844 | D:6      | Killed Jeremiah
  6143 | D:7      | Found Paru's Antique Weapon Shop.
  6188 | D:7      | Reached skill level 5 in Invocations
  6268 | D:7      | Found Kanikha's Antique Armour Shoppe.
  6272 | D:7      | Found a shimmering altar of Xom.
  6313 | D:7      | Bought a pair of glowing boots for 165 gold pieces
  6336 | D:7      | Bought a glowing helmet for 165 gold pieces
  6506 | D:7      | Gained mutation: You cannot study or cast Air magic. [Ru
                  | sacrifice]
  6506 | D:7      | Gained mutation: You cannot study or cast Hexes magic. [Ru
                  | sacrifice]
  6506 | D:7      | Gained mutation: You cannot study or cast Summoning magic.
                  | [Ru sacrifice]
  6506 | D:7      | Reached * piety under Ru
  6630 | D:7      | Found Wael's Book Emporium.
  7007 | D:8      | Reached skill level 5 in Short Blades
  7007 | D:8      | Reached skill level 5 in Long Blades
  7007 | D:8      | Reached skill level 5 in Axes
  7007 | D:8      | Reached skill level 5 in Polearms
  7007 | D:8      | Reached skill level 5 in Staves
  7007 | D:8      | Reached skill level 5 in Ranged Weapons
  7007 | D:8      | Reached skill level 5 in Throwing
  7007 | D:8      | Reached skill level 5 in Dodging
  7007 | D:8      | Reached skill level 5 in Stealth
  7007 | D:8      | Reached skill level 5 in Unarmed Combat
  7007 | D:8      | Reached skill level 5 in Spellcasting
  7007 | D:8      | Reached skill level 5 in Evocations
  7007 | D:8      | Reached XP level 10. HP: 79/81 MP: 15/17
  7099 | D:8      | Found a glowing golden altar of the Shining One.
  7410 | D:8      | Found a broken altar of Ashenzari.
  7410 | D:8      | Found a radiant altar of Vehumet.
  7723 | D:9      | Found Wauses's Book Shop.
  7782 | D:9      | Found a flagged portal.
  7799 | Bailey   | Entered a bailey
  7878 | Bailey   | Reached skill level 5 in Shapeshifting
  7899 | Bailey   | Noticed an orc knight
  7925 | Bailey   | Killed an orc knight
  8183 | Bailey   | Found the +2 ratskin cloak {*Rats rPois rN+ Str-1 Int-1
                  | Dex+1}
  8281 | D:9      | Gained mutation: You cannot be stealthy. [Ru sacrifice]
  8486 | D:9      | Found a snail-covered altar of Cheibriados.
  9204 | D:9      | Reached skill level 5 in Conjurations
  9204 | D:9      | Reached skill level 5 in Necromancy
  9204 | D:9      | Reached skill level 5 in Translocations
  9204 | D:9      | Reached skill level 5 in Fire Magic
  9204 | D:9      | Reached skill level 5 in Ice Magic
  9204 | D:9      | Reached skill level 5 in Earth Magic
  9204 | D:9      | Reached skill level 5 in Alchemy
  9206 | D:9      | Reached XP level 11. HP: 86/89 MP: 18/20
  9341 | D:9      | Identified the +2 pair of boots "Popost" {Dex+2}
  9348 | D:9      | Found a staircase to the Lair.
  9652 | D:9      | Found an ornate altar of the Wu Jian Council.
  9779 | D:10     | Entered Level 10 of the Dungeon
 10021 | D:10     | Found a runed translucent gate.
 10022 | D:10     | Found a runed translucent gate.
 10024 | D:10     | Found a runed translucent gate.
 10024 | D:10     | Noticed a manticore
 10024 | D:10     | Noticed a manticore
 10024 | D:10     | Noticed a death yak
 10056 | D:10     | Found a stormy altar of Qazlal.
 10057 | D:10     | Found a sparkling altar of Nemelex Xobeh.
 10123 | D:10     | Found a hazy altar of Hepliaklqana.
 10166 | D:10     | Noticed Erolcha
 10183 | D:10     | Killed Erolcha
 10354 | D:10     | Noticed a two-headed ogre
 10365 | D:10     | Killed a two-headed ogre
 10662 | D:11     | Noticed a green ugly thing
 10707 | D:11     | Found a frozen archway.
 10761 | D:11     | Noticed a brown ugly thing
 10798 | D:10     | Killed a green ugly thing
 10840 | D:10     | Killed a brown ugly thing
 10871 | IceCv    | Entered an ice cave
 10902 | IceCv    | Gained mutation: You are hated by all. [Ru sacrifice]
 10902 | IceCv    | Reached ** piety under Ru
 11093 | IceCv    | Noticed a death yak
 11119 | IceCv    | Killed a death yak
 11131 | IceCv    | Reached XP level 12. HP: 68/97 MP: 16/22
 11378 | IceCv    | Noticed a death yak
 11387 | IceCv    | Killed a death yak
 11402 | IceCv    | Noticed a death yak
 11404 | IceCv    | Noticed a death yak
 11420 | IceCv    | Killed a death yak
 11444 | IceCv    | Killed a death yak
 11673 | IceCv    | Noticed a death yak
 11673 | IceCv    | Noticed a frost giant
 11704 | IceCv    | Reached skill level 10 in Fighting
 11704 | IceCv    | Reached skill level 10 in Armour
 11704 | IceCv    | Reached skill level 10 in Shields
 12058 | IceCv    | Killed a frost giant
 12253 | IceCv    | Killed a death yak
 12309 | IceCv    | Noticed a death yak
 12309 | IceCv    | Noticed a death yak
 12371 | IceCv    | Killed a death yak
 12377 | IceCv    | Killed a death yak
 12429 | IceCv    | Got the Annotations on the Icicle
 12877 | D:11     | Noticed a tengu warrior
 12878 | D:11     | Noticed greenreed's ghost (journeyman TrSh)
 12887 | D:11     | Noticed a two-headed ogre
 13053 | D:10     | Learned a level 3 spell: Hailstorm
 13348 | D:11     | Found a staircase to the Orcish Mines.
 13469 | D:11     | Noticed Josephine
 13498 | D:11     | Found a transporter.
 13626 | D:11     | Killed Josephine
 13668 | D:11     | Reached XP level 13. HP: 74/104 MP: 25/25
 13959 | D:11     | Found a transporter.
 14024 | D:12     | Found a gate leading to a gauntlet.
 14028 | Gauntlet | Entered a Gauntlet
 14028 | Gauntlet | Found a transporter.
 14028 | Gauntlet | Found a transporter.
 14029 | Gauntlet | Found a transporter.
 14032 | Gauntlet | Found a transporter.
 14032 | Gauntlet | Found a transporter.
 14032 | Gauntlet | Found a transporter.
 14043 | Gauntlet | Noticed an entropy weaver
 14049 | Gauntlet | Found a transporter.
 14049 | Gauntlet | Found a transporter.
 14059 | Gauntlet | Found a transporter.
 14080 | Gauntlet | Found a transporter.
 14083 | Gauntlet | Found a transporter.
 14087 | Gauntlet | Found a transporter.
 14460 | Gauntlet | Identified the amulet "Tattues" {Spirit -Cast rElec rC+
                  | rCorr}
 14786 | Gauntlet | Noticed a minotaur
 14815 | Gauntlet | Killed a minotaur
 15741 | Lair:1   | Entered Level 1 of the Lair of Beasts
 16120 | Lair:1   | You are sucked into a shaft and drop 1 floor!
 16731 | Lair:2   | Found a staircase to the Snake Pit.
 16899 | Lair:3   | Noticed Urug
 16913 | Lair:3   | Killed Urug
 17325 | Lair:4   | Reached skill level 10 in Maces & Flails
 17520 | Lair:4   | Found a staircase to the Slime Pits.
 17851 | Lair:4   | Gained mutation: Your flesh is heat resistant. (rF+)
                  | [potion of mutation]
 17851 | Lair:4   | Gained mutation: You have a pair of small horns on your
                  | head. [potion of mutation]
 18016 | Lair:4   | Reached skill level 10 in Invocations
 18016 | Lair:4   | Reached XP level 14. HP: 113/113 MP: 27/27
 18293 | Lair:5   | Entered Level 5 of the Lair of Beasts
 20198 | Lair:5   | Found a large runed translucent door.
 20198 | Lair:5   | Found a large runed translucent door.
 21296 | Lair:3   | Found a staircase to the Shoals.
 21894 | Lair:1   | Reached skill level 10 in Short Blades
 21894 | Lair:1   | Reached skill level 10 in Long Blades
 21894 | Lair:1   | Reached skill level 10 in Axes
 21894 | Lair:1   | Reached skill level 10 in Polearms
 21894 | Lair:1   | Reached skill level 10 in Staves
 21894 | Lair:1   | Reached skill level 10 in Ranged Weapons
 21894 | Lair:1   | Reached skill level 10 in Throwing
 21894 | Lair:1   | Reached skill level 10 in Dodging
 21894 | Lair:1   | Reached skill level 10 in Unarmed Combat
 21894 | Lair:1   | Reached skill level 10 in Spellcasting
 21894 | Lair:1   | Reached skill level 10 in Evocations
 21913 | Lair:1   | Noticed Erica
 21964 | Lair:1   | Killed Erica
 21965 | Lair:1   | Reached XP level 15. HP: 80/120 MP: 22/29
 22256 | Lair:1   | Identified the +5 flail of Qouvuaxy {heavy, rF+ rC- Will++
                  | Str+3}
 23056 | Orc:1    | Entered Level 1 of the Orcish Mines
 23296 | Orc:1    | Upgraded the game from 0.32-a0-132-g2d33c3cfaf to
                  | 0.32-a0-136-gc02482bde3
 23970 | Orc:2    | Entered Level 2 of the Orcish Mines
 23971 | Orc:2    | Lost mutation: You have a pair of small horns on your head.
                  | [potion of mutation]
 23971 | Orc:2    | Lost mutation: Your flesh is heat resistant. (rF+) [potion
                  | of mutation]
 23971 | Orc:2    | Gained mutation: Potions are less effective at restoring
                  | your health. [potion of mutation]
 23971 | Orc:2    | Gained mutation: You are covered in fur. (AC +1) [potion of
                  | mutation]
 23972 | Orc:2    | Lost mutation: Potions are less effective at restoring your
                  | health. [potion of mutation]
 23972 | Orc:2    | Lost mutation: You are covered in fur. (AC +1) [potion of
                  | mutation]
 23972 | Orc:2    | Gained mutation: You are agile. (Dex +4, Str/Int -1)
                  | [potion of mutation]
 23972 | Orc:2    | Gained mutation: You are strong-willed. (Will+) [potion of
                  | mutation]
 23972 | Orc:2    | Gained mutation: Your spells are a little harder to cast,
                  | but a little more powerful. [potion of mutation]
 24118 | Orc:2    | Found Ummar's Armour Emporium.
 24133 | Orc:2    | Noticed an orc warlord
 24419 | Orc:2    | Killed an orc warlord
 24531 | Orc:2    | Found a staircase to the Elven Halls.
 25557 | Orc:2    | Found Ribanowi's Distillery.
 25645 | Orc:2    | Found Tafum's Antique Weapon Boutique.
 25649 | Orc:2    | Bought a potion of heal wounds for 55 gold pieces
 25649 | Orc:2    | Bought a potion of enlightenment for 55 gold pieces
 25652 | Orc:2    | Found Caddor's Antique Armour Boutique.
 25654 | Orc:2    | Found Ritzuw's Armour Shoppe.
 25663 | Orc:2    | Bought the +1 cloak of Gyeron {rPois rF+ rC+ Will+} for 564
                  | gold pieces
 25688 | Orc:2    | Bought a +0 kite shield of protection for 161 gold pieces
 25719 | Orc:2    | Bought a potion of heal wounds for 55 gold pieces
 26235 | D:12     | Noticed Maurice
 26262 | D:12     | Maurice stole a +6 great sword of protection
 26263 | D:12     | Killed Maurice
 26837 | D:13     | Found Saecves's Book Emporium.
 28542 | D:14     | Reached skill level 10 in Shapeshifting
 28635 | D:14     | Reached XP level 16. HP: 74/129 MP: 20/30
 28777 | D:14     | Noticed Lodul
 28822 | D:14     | Killed Lodul
 29909 | D:14     | Found a gate to the Vaults.
 30005 | D:15     | Entered Level 15 of the Dungeon
 30550 | D:15     | Noticed Kirke
 30612 | D:15     | Killed Kirke
 30986 | D:15     | Found a staircase to the Depths.
 31141 | Elf:1    | Entered Level 1 of the Elven Halls
 31826 | Elf:1    | Paralysed by an air elemental for 1 turns
 31845 | Elf:1    | Paralysed by an air elemental for 1 turns
 31853 | Elf:1    | Paralysed by an air elemental for 1 turns
 32233 | Elf:1    | Identified the +1 demon blade of Hepliaklqana, Shifting
                  | {venom, Dex+4}
 32841 | Elf:1    | Got the Meditations on Fulmination
 33478 | Elf:1    | Reached XP level 17. HP: 93/137 MP: 23/32
 33496 | Elf:1    | Noticed Nikola
 33540 | Elf:1    | HP: 1/137 [Nikola/arc of chain lightning (30)]
 34226 | Snake:1  | Entered Level 1 of the Snake Pit
 34447 | Lair:2   | Reached skill level 10 in Conjurations
 34447 | Lair:2   | Reached skill level 10 in Necromancy
 34447 | Lair:2   | Reached skill level 10 in Translocations
 34447 | Lair:2   | Reached skill level 10 in Fire Magic
 34447 | Lair:2   | Reached skill level 10 in Ice Magic
 34447 | Lair:2   | Reached skill level 10 in Earth Magic
 34447 | Lair:2   | Reached skill level 10 in Alchemy
 36792 | Snake:2  | Identified the serpent talisman of Yesterday {Will- Dex+5}
 36792 | Snake:2  | Noticed Aizul
 36807 | Snake:2  | Killed Aizul
 36817 | Snake:2  | HP: 4/138 [poisoned by a nagaraja (poison arrow)]
 36818 | Snake:1  | Succumbed to a nagaraja's poison arrow

Illustrated notes

Levels and vault maps discovered:
D:1:      nagdon_arrival_zigzag_paths, layout_basic
D:2:      cheibrodos_pilgrimage, layout_loops_cross, basic_altar
D:3:      layout_loops_ring, shapermc_ecumenical_altar_pompeii
D:4:      layout_rooms, uniq_eustachio, uniq_natasha
D:5:      layout_gridville, nicolae_uskayaw_en_pointe, zin_angel,
          gammafunk_ghost_split, nicolae_nh_oracle_at_delphi,
          uniq_blork_the_orc, uniq_edmund
D:6:      layout_basic, lemuel_round_altar, marbit_many_paths,
          minmay_temple_entry_antechambers, uniq_duvessa, uniq_maggie,
          uniq_jeremiah
D:7:      layout_loops_ring, xom_teletrap_fun, serial_shops,
          nicolae_lakefront_shop, nicolae_shop_temple_entry_statues_fountains,
          nicolae_shop_statue_plus
D:8:      layout_loops_ring, mainiacjoe_overflow_divided_tiny,
          mainiacjoe_overflow_surrounded_room
D:9:      layout_layer_cave, mainiacjoe_overflow_24_doors,
          mainiacjoe_overflow_alcove_4, erik_lair_dragon, serial_shops,
          nicolae_shop_back_alley_shop, enter_bailey_4
D:10:     lemuel_bear_cage, layout_basic, grunt_temple_overflow_open,
          uniq_erolcha
D:11:     layout_big_octagon, zombieorc2_lemuel, gammafunk_ghost_arena,
          portal_ice_cave_entry_imps, uniq_josephine
D:12:     layout_loops_cross, gauntlet_entry_generic, uniq_maurice
D:13:     layout_layer_cave, serial_shops, nicolae_shop_advertising_works
          [nicolae_subvault_shop_adworks]
D:14:     layout_gridville, hellmonk_vaults_keyhole, uniq_lodul
D:15:     grunt_enter_depths_hoard, layout_irregular_city,
          serial_park_tiny_pond, uniq_kirke
Temple:   nicolae_temple_panitentiary
Lair:1:   layout_regular_city, lemuel_fruit_tree, grunt_megastairs_3,
          infiniplex_staircase_pool, uniq_erica
Lair:2:   layout_loops_ring, minmay_snake_entry_guardpost_medium,
          hibernation_bobbens, lemuel_fruit_fields
Lair:3:   layout_roguey, elwin_shoals_entry_rooms, grunt_megastairs_4, uniq_urug
Lair:4:   layout_hall_layers, nicolae_slime_entry_slimehenge,
          chequers_serial_rivers_small_3, serial_bayou_pond_a
Lair:5:   cheibrodos_lair_end_hotspot, layout_long_grid,
          chequers_serial_rivers_micro_e, chequers_serial_rivers_micro_a,
          dreamdust_mushroom_princess, kennysheep_rathole
Snake:1:  layout_misc_corridors
Snake:2:  nicolae_aizul_guard, layout_gridlike
Orc:1:    layout_caves
Orc:2:    st_orc_elflike, layout_diamond_mine, basic_altar, serial_shops, shop,
          lemuel_statue_altar
Elf:1:    minmay_the_grid_square_5x5_5x5 [minmay_the_grid_square_5x5_inner_v,
          minmay_the_grid_square_5x5_sharp_hourglass,
          minmay_the_grid_square_5x5_seven,
          minmay_the_grid_square_5x5_trominoes,
          minmay_the_grid_square_5x5_empty, minmay_the_grid_square_5x5_shrine1,
          minmay_the_grid_square_5x5_prize_snowflake,
          minmay_the_grid_square_5x5_two_walls_b,
          minmay_the_grid_square_5x5_prize_gold,
          minmay_the_grid_square_5x5_three_small,
          minmay_the_grid_square_5x5_spiral_small,
          minmay_the_grid_square_5x5_tetrominoes,
          minmay_the_grid_square_5x5_prize_monsterx,
          minmay_the_grid_square_5x5_doubleslash,
          minmay_the_grid_square_5x5_fat_x, minmay_the_grid_square_5x5_mess,
          minmay_the_grid_square_5x5_prize_waves,
          minmay_the_grid_square_5x5_inverted_slash,
          minmay_the_grid_square_5x5_prize_pseudospiral,
          minmay_the_grid_square_5x5_broken_cross,
          minmay_the_grid_square_5x5_checkered_statues,
          minmay_the_grid_square_5x5_three, minmay_the_grid_square_5x5_plus,
          minmay_the_grid_square_5x5_checkered,
          minmay_the_grid_square_5x5_beaten_path], layout_geoelf_octagon,
          basic_altar, minmay_elf_annihilation, billiards_dpeg, uniq_nikola

Skill      XL: |  1  2  3  4  5  6  7  8  9 10 11 12 13 14 15 16 17 |
---------------+----------------------------------------------------+-----
Invocations    | 1 2 3 4 5 6 7 8 10 11 12 13 | 13.2
Short Blades   | 1 2 3 4 5 6 7 8 9 10 11 12 | 12.1
Long Blades    | 1 2 3 4 5 6 7 8 9 10 11 12 | 12.1
Axes           | 1 2 3 4 5 6 7 8 9 10 11 12 | 12.1
Polearms       | 1 2 3 4 5 6 7 8 9 10 11 12 | 12.1
Staves         | 1 2 3 4 5 6 7 8 9 10 11 12 | 12.1
Ranged Weapons | 1 2 3 4 5 6 7 8 9 10 11 12 | 12.1
Throwing       | 1 2 3 4 5 6 7 8 9 10 11 12 | 12.1
Dodging        | 1 2 3 4 5 6 7 8 9 10 11 12 | 12.1
Stealth        | 1 2 3 4 5 0 |  0.0
Unarmed Combat | 1 2 3 4 5 6 7 8 9 10 11 12 | 12.1
Spellcasting   | 1 2 3 4 5 6 7 8 9 10 11 12 | 12.1
Evocations     | 1 2 3 4 5 6 7 8 9 10 11 12 | 12.1
Conjurations   | 1 2 3 4 5 6 7 8 9 10 | 10.3
Hexes          | 1 2 3 0 |  0.0
Summonings     | 1 2 3 0 |  0.0
Necromancy     | 1 2 3 4 5 6 7 8 9 10 | 10.3
Translocations | 1 2 3 4 5 6 7 8 9 10 | 10.3
Fire Magic     | 1 2 3 4 5 6 7 8 9 10 | 10.3
Ice Magic      | 1 2 3 4 5 6 7 8 9 10 | 10.3
Air Magic      | 1 2 3 0 |  0.0
Earth Magic    | 1 2 3 4 5 6 7 8 9 10 | 10.3
Alchemy        | 1 2 3 4 5 6 7 8 9 10 | 10.3
Shapeshifting  | 1 2 3 4 5 6 7 8 9 10 11 | 11.2
Maces & Flails | 5 6 7 8 9 10 11 12 | 12.9
Fighting       | 7 8 9 10 11 12 13 | 13.7
Armour         | 7 8 9 10 11 12 13 | 13.7
Shields        | 7 8 9 10 11 12 13 | 13.7

Action                     |  1- 3 |  4- 6 |  7- 9 | 10-12 | 13-15 | 16-18 || total
---------------------------+-------+-------+-------+-------+-------+-------++-------
  Melee: Flail             |    90 |       |       |       |       |       ||    90
         Bite              |    11 |    10 |    46 |   126 |   377 |   238 ||   808
         Quarterstaff      |    25 |   100 |   292 |       |   107 |       ||   524
         Trident           |       |       |    97 |  1033 |  2054 |  1470 ||  4654
         Punch             |       |       |     7 |    85 |    50 |       ||   142
         Eveningstar       |       |       |       |       |    15 |   128 ||   143
         Headbutt          |       |       |       |       |   256 |       ||   256
         Maw               |       |       |       |       |   100 |       ||   100
   Cast: Hailstorm         |       |       |       |     2 |       |       ||     2
 Invoke: Sacrifice Arcana  |       |       |     1 |       |       |       ||     1
         Sacrifice Stealth |       |       |       |     1 |       |       ||     1
         Sacrifice Love    |       |       |       |     1 |       |       ||     1
         Reject Sacrifices |       |       |       |       |     3 |       ||     3
Ability: Begin Untransform |       |       |       |       |     1 |       ||     1
  Evoke: Wand              |       |       |     8 |     9 |     6 |     5 ||    28
         Lightning rod     |       |       |       |       |     8 |     1 ||     9
    Use: Scroll            |       |       |    10 |     6 |     6 |     9 ||    31
         Potion            |       |       |     2 |     4 |     6 |     5 ||    17
   Stab: Invisible         |       |       |     3 |     7 |     2 |       ||    12
         Sleeping          |       |       |     2 |     2 |       |       ||     4
         Distracted        |       |       |       |     5 |     6 |     4 ||    15
         Petrified         |       |       |       |       |     6 |       ||     6
 Armour: Scale mail        |    82 |    64 |   157 |       |       |       ||   303
         Swamp dragon scal |       |       |   128 |   617 |   778 |       ||  1523
         Plate armour      |       |       |       |       |   291 |   799 ||  1090
         Skin              |       |       |       |       |    88 |       ||    88
  Dodge: Dodged            |    66 |    48 |   197 |   967 |  1899 |   594 ||  3771
  Block: Buckler           |    34 |       |       |       |       |       ||    34
         Kite shield       |       |       |       |       |   246 |   909 ||  1155
   Form: Maw               |       |       |       |       |     1 |       ||     1

Table legend: (Time is in decaauts)
 A = Elapsed time spent in this place.
 B = Non-inter-level travel time spent in this place.
 C = Inter-level travel time spent in this place.
 D = Time resting spent in this place.
 E = Time spent auto-exploring this place.
 F = Levels seen in this place.
 G = Mean time per level.
                   A        B        C        D        E       F      G
               +--------+--------+--------+--------+--------+-----+--------+
         Total |  36139 |  34104 |   2035 |   6109 |  18163 |  29 | 1246.2 |
       Dungeon |  18162 |  16797 |   1365 |   1336 |  11087 |  15 | 1210.8 |
        Temple |    109 |     91 |     18 |      0 |      0 |   1 |  109.0 |
          Lair |   7452 |   7069 |    383 |   1043 |   4213 |   5 | 1490.4 |
     Snake Pit |   2044 |   2009 |     35 |    763 |    659 |   2 | 1022.0 |
  Orcish Mines |   3195 |   2989 |    206 |   1338 |    819 |   2 | 1597.5 |
   Elven Halls |   1945 |   1918 |     27 |    502 |    598 |   1 | 1945.0 |
        Bailey |    462 |    462 |      0 |      7 |    146 |   1 |  462.0 |
      Ice Cave |   1768 |   1768 |      0 |    668 |    572 |   1 | 1768.0 |
      Gauntlet |    998 |    998 |      0 |    451 |     69 |   1 |  998.0 |
               +--------+--------+--------+--------+--------+-----+--------+

Top non-repeatable levels by time:
  Lair:5: 2363 daAuts
     D:9: 1999 daAuts
   Elf:1: 1945 daAuts
   IceCv: 1768 daAuts
    D:11: 1736 daAuts
   Orc:2: 1680 daAuts
 Snake:1: 1617 daAuts
     D:6: 1587 daAuts
   Orc:1: 1514 daAuts
    D:14: 1504 daAuts
    D:13: 1480 daAuts
  Lair:4: 1479 daAuts
    D:12: 1457 daAuts
    D:10: 1449 daAuts
  Lair:1: 1326 daAuts
